General information
			
			
        
        - name: catchthemoon
 
        - type: Ladder 1vs1/FFA
 
        - host: iggy_the_fisk
 
        - saver: Mata.
 
        
map: EchoIsles 
        - players: 6
 
        - length: 12:59
 
        - speed: Fast
 - version: 1.22 W3XP
 - replay type:  

 
» download(86 KB)
Players
        team 1 (winner) 
              
              
Mata. (
green | 186 APM | 2420 actions | 12:59)
              
 4 Archmage 
 2 Summon Water Elemental
 2 Brilliance Aura
 2 Mountain King 
 1 Storm Bolt
 1 Bash
 
                » actions 
                
                | Assign group hotkey | 170 |  | 
| Basic commands | 17 |  | 
| Build / train | 42 |  | 
| Enter build submenu | 20 |  | 
| Enter hero's abilities submenu | 6 |  | 
| Give item / drop item | 2 |  | 
| Right click | 1152 |  | 
| Select / deselect | 491 |  | 
| Select group hotkey | 413 |  | 
| Use ability | 107 |  | 
                2420 total
 » units 
                
                | Peasant | 12 |  | 
| Footman | 7 |  | 
| Sorceress | 1 |  | 
| Spell Breaker | 4 |  | 
| Priest | 4 |  | 
                28 total
 » buildings
                
                | Altar of Kings | 2 |  | 
| Barracks | 1 |  | 
| Farm | 7 |  | 
| Scout Tower | 2 |  | 
| Keep | 2 |  | 
| Arcane Vault | 1 |  | 
| Arcane Sanctum | 2 |  | 
| Town Hall | 1 |  | 
                18 total
 » build order
                00:04 Altar of Kings
00:09 Altar of Kings
00:18 Barracks
00:32 Farm
01:25 Farm
01:57 Farm
02:18 Scout Tower
03:13 Keep
03:14 Keep
03:45 Arcane Vault
04:22 Farm
04:24 Scout Tower
04:26 Farm
05:45 Arcane Sanctum
05:46 Arcane Sanctum
06:27 Farm
08:48 Town Hall
09:32 Farm
» items
                 
               team 2 (loser) 
              
              
» 
TIMG4STRok (
gray | 139 APM | 1803 actions | 12:58)
              
 4 Archmage 
 2 Summon Water Elemental
 2 Brilliance Aura
 2 Mountain King 
 1 Storm Bolt
 1 Bash
 
                » actions 
                
                | Assign group hotkey | 23 |  | 
| Basic commands | 103 |  | 
| Build / train | 42 |  | 
| ESC pressed | 2 |  | 
| Enter build submenu | 14 |  | 
| Enter hero's abilities submenu | 7 |  | 
| Right click | 897 |  | 
| Select / deselect | 216 |  | 
| Select group hotkey | 450 |  | 
| Use ability | 49 |  | 
                1803 total
 » units 
                
                | Peasant | 8 |  | 
| Footman | 5 |  | 
| Spell Breaker | 3 |  | 
| Priest | 5 |  | 
                21 total
 » upgrades
                » buildings
                
                | Altar of Kings | 1 |  | 
| Barracks | 1 |  | 
| Farm | 7 |  | 
| Scout Tower | 2 |  | 
| Arcane Tower | 2 |  | 
| Keep | 2 |  | 
| Arcane Vault | 1 |  | 
| Arcane Sanctum | 2 |  | 
                18 total
 » build order
                00:05 Altar of Kings
00:09 Barracks
00:25 Farm
01:13 Farm
01:48 Farm
01:59 Scout Tower
03:04 Farm
03:07 Arcane Tower
03:10 Keep
03:10 Keep
03:45 Arcane Vault
04:24 Farm
05:57 Arcane Sanctum
06:00 Arcane Sanctum
07:02 Farm
10:04 Farm
10:08 Scout Tower
12:53 Arcane Tower
» items
                
                | Scroll of Regeneration | 3 |  | 
| Lesser Clarity Potion | 1 |  | 
| Scroll of Town Portal | 1 |  | 
| Potion of Healing | 2 |  | 
| Potion of Mana | 1 |  | 
                8 total
  
               observersiggy_the_fisk, 
BEAR_AND, 
DirtMcGirt, 
joltx Chat log
          (00:11 / All) TIMG4STRok: gg gl
(00:12 / All) Mata.: did stefan die?
(00:22 / All) TIMG4STRok: he went to a road.
(00:32 / All) TIMG4STRok: a..... rainbow road......
(01:32 / All) TIMG4STRok: yo i tried talking okn vent
(01:34 / All) TIMG4STRok: but im by myself...
(01:45 / All) Mata.: sad tale
(04:46 / All) TIMG4STRok: yo i click my base
(04:48 / All) TIMG4STRok: this game is gay
(07:42 / All) Mata.: WOW
(08:30 / All) TIMG4STRok: thanks for lag FAG
(08:39 / All) Mata.: ruined everything
(08:56 / All) TIMG4STRok: man i thought i had your am
(08:57 / All) Mata.: thorgas broadaxe
(08:57 / All) TIMG4STRok: trapped
(08:59 / All) TIMG4STRok: by the tree
(08:59 / All) Mata.: more like thorgasboard
(09:00 / All) TIMG4STRok: woops
(12:57 / All) TIMG4STRok: gg